 Dungeon Crawl Stone Soup version 0.28.0-43-g3370ac3207 (webtiles) character file.

Game seed: 8832325869561690596

1465 IBeShadow the Destroyer (level 8, -5/34 HPs)
             Began as a Felid Conjurer on Mar 7, 2022.
             Slain by a killer bee (8 damage)
             ... on level 8 of the Dungeon on Mar 8, 2022.
             The game lasted 00:30:36 (14137 turns).

IBeShadow the Destroyer (Felid Conjurer)           Turns: 14137, Time: 00:30:36

Health: -5/34      AC:  2    Str:  3    XL:     8   Next: 48%
Magic:  10/15      EV: 21    Int: 24    God:
Gold:   112        SH:  0    Dex: 14    Spells: 6/15 levels left
                                        Lives:  0   Deaths: 2

rFire   + . .      SeeInvis +   (weapon unavailable)
rCold   x . .      Faith    .   (shield unavailable)
rNeg    . . .      Spirit   .   (armour unavailable)
rPois   .          Reflect  .   (helmet unavailable)
rElec   .          Harm     .   (cloak unavailable)
rCorr   .          Rampage  .   (gloves unavailable)
Will    ++...                   (boots unavailable)
Stlth   ++........              (no amulet)
HPRegen 0.11/turn               b - ring of willpower
MPRegen 0.14/turn               w - ring of fire

@: lethally poisoned (-5 -> -8), quick
A: very small, claws 1, fangs 3, see invisible, speed 1, shaggy fur 2, stealthy
paws, no weapons or thrown items, no armour, multi-lived
a: no special abilities


You were on level 8 of the Dungeon.
You visited 2 branches of the dungeon, and saw 10 of its levels.

You collected 239 gold pieces.
You spent 127 gold pieces at shops.

Inventory:

Jewellery
 b - a ring of willpower (left paw)
 f - a ring of ice
 m - an amulet of faith
 w - a ring of fire (right paw)
Wands
 i - a wand of acid (1)
 j - a wand of flame (22)
 y - a wand of mindburst (12)
Scrolls
 h - a scroll of acquirement {unknown}
 k - a scroll of amnesia
 l - a scroll of summoning {unknown}
 o - a scroll of fear
 p - a scroll of vulnerability {unknown}
 q - a scroll of enchant weapon {unknown}
 r - a scroll of noise {unknown}
 s - a scroll of fog {unknown}
 u - a scroll of magic mapping {unknown}
 v - a scroll of identify
 x - a scroll of teleportation
Potions
 a - 3 potions of curing
 c - 2 potions of might
 d - 2 potions of attraction
 e - 3 potions of berserk rage
 g - 2 potions of heal wounds {unknown}
 n - 2 potions of degeneration {unknown}
 t - 2 potions of ambrosia {unknown}


   Skills:
 + Level 3.2 Fighting
 + Level 8.5 Dodging
 - Level 3.4 Stealth
 - Level 4.0 Spellcasting
 * Level 9.7 Conjurations
 - Level 6.0 Evocations


You had 6 spell levels left.
You knew the following spells:

 Your Spells              Type           Power      Damage    Failure   Level
a - Magic Dart            Conj           100%       1d8       1%          1
b - Searing Ray           Conj           100%       2d8       1%          2
c - Fulminant Prism       Conj/Hex       14%        3d9       13%         4
d - Blink                 Tloc           8%         N/A       14%         2

Your spell library contained the following spells:

 Spells                   Type           Power      Damage    Failure   Level
 Dazzling Flash           Conj/Hex       56%        N/A       4%          3
 Iskenderun's Mystic Bla  Conj/Tloc      28%        2d7       13%         4
 Ensorcelled Hibernation  Hex/Ice        8%         N/A       14%         2
 Call Canine Familiar     Summ           4%         N/A       28%         3
 Gell's Gravitas          Tloc           4%         N/A       28%         3
 Lesser Beckoning         Tloc           4%         N/A       28%         3
 Spider Form              Tmut/Pois      4%         N/A       28%         3
 Teleport Other           Tloc           4%         N/A       28%         3
 Irradiate                Conj/Tmut      14%        3d18      36%         5
 Anguish                  Hex/Necr       2%         N/A       67%         4
 Leda's Liquefaction      Hex/Erth       2%         N/A       67%         4
 Blade Hands              Tmut           2%         N/A       95%         5
 Manifold Assault         Tloc           4%         N/A       95%         5
 Dispersal                Tloc           2%         N/A       100%        6
 Dragon Form              Tmut           2%         N/A       100%        7
 Portal Projectile        Hex/Tloc       Unusable   N/A       N/A         3

Dungeon Overview and Level Annotations

Branches:
Dungeon (9/15)             Temple (1/1) D:5
   Lair: D:8-11         Orc: D:9-12

Altars:
Ashenzari
Cheibriados
Dithmenos
Elyvilon
Fedhas
Gozag
Hepliaklqana
Kikubaaqudgha
Makhleb
Nemelex Xobeh
Okawaru
Qazlal
Ru
Sif Muna
Trog
Uskayaw
Vehumet
Wu Jian
Xom
Yredelemnul
Zin
The Shining One

Shops:
D:5 ?

Annotations:
D:7 Maggie
D:9 1 runed translucent door


Innate Abilities, Weirdness & Mutations

You have sharp claws.
You have razor-sharp teeth.
You have supernaturally acute eyesight. (SInv)
You cover ground quickly. (Speed+)
You are covered in thick fur. (AC +2)
Your paws help you pounce on unaware monsters.
You are incapable of wielding weapons or throwing items.
You cannot wear armour.
You gain extra lives every three experience levels.


Message History

The killer bee stings you.
You are poisoned.
The killer bee poisons you!
There is a stone staircase leading up here.
You feel sick. The killer bee stings you. The killer bee barely misses you.
The killer bee misses you. x2
You climb upwards.
You feel sick.
There is a stone staircase leading down here.
You feel sick. The killer bee stings you.
You are more poisoned.
The killer bee poisons you! The killer bee barely misses you.
The killer bee completely misses you.
You feel sick.
You feel sick.
You feel sick. The killer bee misses you.
Cast which spell? (? or * to list)
Aiming: Searing Ray (safe; 1% risk of failure)
Press: ? - help, Shift-Dir - straight line, f - killer bee
Aim: a killer bee (65% to hit)
The searing ray hits the killer bee!
The killer bee is severely wounded.
The searing ray misses the killer bee. (Press . to maintain the ray.)
You feel sick. The killer bee barely misses you. The killer bee misses you.
The searing ray misses the killer bee.
The searing ray hits the killer bee.
The killer bee is moderately wounded.
You feel sick. The killer bee barely misses you.
The killer bee closely misses you.
The searing ray hits the killer bee!
You kill the killer bee!
The searing ray hits the killer bee.
The killer bee is severely wounded.
You feel sick. The killer bee stings you.
* * * LOW HITPOINT WARNING * * *
The searing ray hits the killer bee.
The killer bee is almost dead.
You finish channelling your searing ray.
* * * LOW HITPOINT WARNING * * *
You feel sick. The killer bee stings you!
You die...

#.#.# #.#######........# #.#n#
###.......'...<...(# #.#.#
#......####........# #.#.#
#....<.# #........# #.#.#
#......# #........# #.#.#
##.##'######..(.....# #.#.#
#...#.##......#######
##.#.####...#.##......########
#...........#@##......'.......
#...######..#y##......########
#..D........#.........#
#....######.#.....#.######
#....#.......>...........#####
#....#.####.#...........[.....
#....#.# #.#.#+#.#.##...#####
#....#.# #.#.#.#.#.##...#
##....#.# #.#.#.#.#.##...#


You could see a killer bee.

Vanquished Creatures
  Sigmund (D:2)
  A wyvern (D:7)
  A sky beast (D:8)
  An ice beast (D:5)
  3 ogres
  2 orc warriors (D:8)
  5 necrophages
  3 centaurs (D:8)
  2 bullfrogs (D:8)
  A gnoll sergeant (D:7)
  8 scorpions
  A water moccasin zombie (D:5)
  2 killer bees (D:8)
  2 jellies
  2 centaur zombies
  4 hounds
  3 orc priests
  A bullfrog skeleton (D:5)
  A gnoll shaman (D:6)
  A centaur skeleton (D:7)
  Jessica (D:3)
  5 iguanas
  2 orc wizards
  2 killer bee zombies
  A hound zombie (D:5)
  A hound skeleton (D:5)
  A howler monkey zombie (D:7)
  2 howler monkey skeletons
  9 adders
  10 gnolls
  2 white imps
  An ufetubus (D:5)
  4 dart slugs
  17 orcs
  7 ball pythons
  3 endoplasms
  3 giant cockroaches
  6 goblins
  8 hobgoblins
  A jackal (D:2)
  5 kobolds
  2 quokkas
  10 bats
  5 frilled lizards
  4 rats
157 creatures vanquished.

Vanquished Creatures (others)
  66 fulminant prisms
66 creatures vanquished.

Grand Total: 223 creatures vanquished

Notes
Turn   | Place    | Note
-------+----------+-------------------------------------------
     0 | D:1      | IBeShadow the Felid Conjurer began the quest for the Orb.
     0 | D:1      | Reached XP level 1. HP: 7/7 MP: 4/4
   633 | D:1      | Reached XP level 2. HP: 11/11 MP: 3/6
   636 | D:1      | Learned a level 2 spell: Searing Ray
  1793 | D:2      | Reached skill level 4 in Conjurations
  1793 | D:2      | Reached XP level 3. HP: 14/14 MP: 0/7
  2383 | D:2      | Found a white marble altar of Elyvilon.
  2574 | D:2      | Noticed Sigmund
  2827 | D:3      | Reached XP level 4. HP: 18/18 MP: 3/9
  2832 | D:3      | Learned a level 4 spell: Fulminant Prism
  3385 | D:3      | Reached skill level 1 in Fighting
  3482 | D:3      | Noticed Jessica
  3485 | D:3      | Killed Jessica
  3486 | D:3      | Reached XP level 5. HP: 22/22 MP: 6/10
  3917 | D:4      | Reached skill level 5 in Conjurations
  4005 | D:4      | Gained mutation: You are covered in thick fur. (AC +2)
                  | [Felid growth]
  4005 | D:4      | Reached XP level 6. HP: 20/26 MP: 0/11
  5171 | D:2      | Killed Sigmund
  5172 | D:2      | Reached skill level 6 in Conjurations
  5172 | D:2      | Reached XP level 7. HP: 15/31 MP: 3/12
  5497 | D:5      | Entered Level 5 of the Dungeon
  5617 | D:5      | Reached skill level 1 in Evocations
  5723 | D:5      | Found Ukka's Magic Scroll Shoppe.
  6233 | D:5      | Bought a scroll of fear for 52 gold pieces
  6233 | D:5      | Bought a scroll of teleportation for 45 gold pieces
  6233 | D:5      | Bought a scroll of identify for 30 gold pieces
  6238 | D:5      | Found a staircase to the Ecumenical Temple.
  6301 | Temple   | Entered the Ecumenical Temple
  6836 | D:5      | Reached skill level 5 in Dodging
  6862 | D:5      | Reached skill level 7 in Conjurations
  6933 | D:5      | Learned a level 2 spell: Blink
  7050 | D:5      | Reached XP level 8. HP: 24/34 MP: 0/13
  8720 | D:5      | Reached skill level 8 in Conjurations
  9121 | D:6      | Found a sacrificial altar of Ru.
  9150 | D:6      | Reached XP level 9. HP: 37/37 MP: 0/16
  9406 | D:6      | Identified the +5 scale mail of Ofuhytoa {+Inv rElec rPois
                  | rF+}
 10747 | D:7      | Noticed Maggie
 11426 | D:7      | Mangled by a very large slime creature
 11427 | D:7      | Reached XP level 8. HP: -8/34 MP: 15/15
 11854 | D:7      | Reached skill level 5 in Evocations
 12122 | D:7      | Reached skill level 9 in Conjurations
 12591 | D:8      | Killed from afar by an acid dragon
 12592 | D:8      | Reached XP level 7. HP: -14/31 MP: 8/14
 13024 | D:8      | Reached XP level 8. HP: 19/34 MP: 4/15
 13802 | D:9      | Found a runed translucent door.
 14137 | D:8      | Slain by a killer bee

Illustrated notes

Levels and vault maps discovered:
D:1:      evilmike_arrival_hilbert_curve, layout_basic, roderic_lattice_a
D:2:      layout_loops_ring, shapermc_ecumenical_altar_petra, basic_altar,
          minmay_misc_feat_enclosed, minmay_between, uniq_sigmund
D:3:      layout_basic, uniq_jessica
D:4:      layout_rooms
D:5:      layout_gridville, minmay_temple_entry_proselytizer, serial_shops,
          shop, serial_park_tiny_1, grunt_ministairs_12,
          kennysheep_generic_room_14
D:6:      layout_rooms, nicolae_ru_great_annihilating_truth
D:7:      layout_basic, serial_shops, kennysheep_mini, interstate_on_off,
          uniq_maggie
D:8:      layout_basic
D:9:      layout_cave_pools, erik_lair_dragon, hellmonk_ghost_big_iron,
          nicolae_blasting_shop
Temple:   mainiacjoe_temple_circle_huts

Skill      XL: |  1  2  3  4  5  6  7  8  9 |
---------------+----------------------------+-----
Dodging        | 3 4 8 6 7 |  8.5
Stealth        | 3 |  3.4
Conjurations   | 4 5 6 7 9 |  9.7
Spellcasting   | 3 4 |  4.0
Fighting       | 1 2 3 |  3.2
Evocations     | 2 6 |  6.0

Action                   |  1- 3 |  4- 6 |  7- 9 || total
-------------------------+-------+-------+-------++-------
Melee: Unarmed           |     4 |     4 |    22 ||    30
       Bite              |       |     1 |     4 ||     5
 Cast: Magic Dart        |    81 |    47 |   110 ||   238
       Searing Ray       |     3 |    17 |    45 ||    65
       Fulminant Prism   |       |     3 |    63 ||    66
       Blink             |       |       |     9 ||     9
Evoke: Wand              |       |     1 |     2 ||     3
  Use: Scroll            |     2 |     1 |     7 ||    10
       Potion            |     1 |       |     1 ||     2
 Stab: Distracted        |       |     1 |       ||     1
       Sleeping          |       |     1 |       ||     1
       Paralysed         |       |       |     1 ||     1
Armor: Skin              |     4 |       |    12 ||    16
Dodge: Dodged            |    20 |    32 |   143 ||   195
